 Dungeon Crawl Stone Soup version 0.28.0-53-g5a82cb258f (webtiles) character file.

Game seed: 4865205856222506644

28627 cbfl8 the Severer (level 13, -9/118 HPs)
             Began as a Minotaur Berserker on July 28, 2022.
             Was a High Priest of Trog.
             Blown up by an eye of devastation (shapeshifter) (14 damage)
             ... with a bolt of energy
             ... on level 13 of the Dungeon.
             The game lasted 00:24:21 (16918 turns).

cbfl8 the Severer (Minotaur Berserker)             Turns: 16918, Time: 00:24:23

Health: -9/118     AC: 20    Str: 22    XL:     13   Next: 10%
Magic:  12/12      EV: 13    Int:  4    God:    Trog [*****.]
Gold:   999        SH:  0    Dex: 27    Spells: 12/12 levels left

rFire   . . .      SeeInvis .   Z - +3 battleaxe (elec)
rCold   . . .      Faith    .   (shield currently unavailable)
rNeg    . . .      Spirit   .   p - +1 plate armour of the Blessed Realm {Rampage Fly}
rPois   +          Reflect  .   (helmet restricted)
rElec   .          Harm     .   r - +1 cloak {rCorr}
rCorr   +          Rampage  +   o - +0 pair of gloves of Rianurae {rPois}
Will    .....                   X - +0 pair of boots
Stlth   ..........              J - amulet of the acrobat
HPRegen 0.29/turn               t - +6 ring of dexterity
MPRegen 0.13/turn               U - +6 ring of dexterity

@: on berserk cooldown, flying, slowed, very slow
A: horns 2, retaliatory headbutt
a: Renounce Religion, Berserk, Trog's Hand, Brothers in Arms


You were on level 13 of the Dungeon.
You worshipped Trog.
Trog was extremely pleased with you.
You visited 1 branch of the dungeon, and saw 14 of its levels.
You also visited: Sewer and Ossuary.

You collected 1113 gold pieces.
You spent 114 gold pieces at shops.

Inventory:

Hand Weapons
 V - a +0 battleaxe of chaos
 Z - a +3 battleaxe of electrocution (weapon)
Missiles
 n - 2 throwing nets
Armour
 o - the +0 pair of gloves of Rianurae (worn) {rPois}
   (You found it on level 3 of the Dungeon)

   rPois:     It protects you from poison.
 p - the +1 plate armour of the Blessed Realm (worn) {Rampage Fly}
   (You found it on level 13 of the Dungeon)

   Fly:       It grants you flight.
   Rampage:   It bestows one free step when moving towards enemies.
 r - a +1 cloak of preservation (worn)
 W - a +0 plate armour
 X - a +0 pair of boots (worn)
Jewellery
 f - a ring of see invisible
 g - a +4 ring of protection
 h - a ring of poison resistance
 t - a +6 ring of dexterity (left hand)
 x - an amulet of regeneration
 H - a ring of willpower
 J - an amulet of the acrobat (around neck)
 L - a ring of protection from cold
 N - a +4 ring of evasion
 U - a +6 ring of dexterity (right hand)
 Y - a ring of fire
Wands
 b - a wand of iceblast (2) (quivered)
 d - a wand of polymorph (19)
 S - a wand of digging (2)
 T - a wand of charming (5)
Scrolls
 a - 5 scrolls of blinking
 c - a scroll of fog {unknown}
 m - a scroll of magic mapping
 q - 2 scrolls of immolation
 u - 2 scrolls of holy word
 v - a scroll of fear
 y - 2 scrolls of teleportation
 B - a scroll of enchant weapon {unknown}
 E - 2 scrolls of enchant armour
 I - a scroll of silence {unknown}
 P - a scroll of noise {unknown}
Potions
 e - 2 potions of might
 i - 3 potions of cancellation {unknown}
 j - 2 potions of haste
 k - 2 potions of heal wounds
 l - 8 potions of curing
 s - 3 potions of flight {unknown}
 w - a potion of berserk rage {unknown}
 z - 4 potions of lignification
 A - a potion of invisibility
 C - 2 potions of degeneration {unknown}
 D - a potion of resistance {unknown}
 F - a potion of mutation {unknown}
 K - a potion of ambrosia {unknown}
 M - 4 potions of attraction {unknown}
Miscellaneous
 Q - a box of beasts (inert)
 R - a box of beasts (inert)


   Skills:
 * Level 12.2 Fighting
 * Level 15.6(16.3) Axes
 + Level 8.0(12.8) Maces & Flails
 + Level 9.8 Armour
 * Level 9.1 Dodging
 - Level 0.8 Stealth
 + Level 4.5 Shields
 + Level 0.3 Unarmed Combat
 * Level 6.9 Evocations


You had 12 spell levels left.
You didn't know any spells.
Your spell library was empty.

Dungeon Overview and Level Annotations

Branches:
Dungeon (14/15)            Temple (0/1) D:5            Lair (0/6) D:10
    Orc (0/2) D:11          Sewer (visited)         Ossuary (visited)
 Vaults: D:13-14

Altars:
Ashenzari
Dithmenos
Fedhas
Hepliaklqana
Okawaru
Ru
Trog
Uskayaw
Wu Jian
Yredelemnul
Beogh

Shops:
D:2 (   D:11 (   D:12 ?   D:13 =


Innate Abilities, Weirdness & Mutations

You have a pair of horns on your head.
You reflexively headbutt those who attack you in melee.


Message History

You kill the large slime creature!
Trog accepts your kill.
You slash the enormous slime creature!
You completely miss the enormous slime creature.
The enormous slime creature is almost dead.
An enormous slime creature splits.
You slice the large slime creature!!
Lightning courses through the large slime creature!
You kill the large slime creature!
Trog accepts your kill.
You slash the large slime creature!
You kill the large slime creature!
Trog accepts your kill. The eye of devastation gazes at you.
The bolt of energy hits you!!
Okay, then.
You are too berserk!
You feel a strong urge to attack something.
You are no longer berserk.
You are exhausted.
You feel yourself slow down.
You open the lid... ...and a juvenile firebat beast flies out!
The box is emptied!
The eye of devastation gazes at you. The bolt of energy hits you!!!
* * * LOW HITPOINT WARNING * * *
What are your orders? t - Shout!
Orders for allies: a - Attack new target. r - Retreat! s - Stop attacking. g - Guard the area. f - Follow me.
Anything else - Cancel.
Gang up on whom?
Press: ? - help, Dir - move target, f - eye of devastation
Aim: an eye of devastation (ally target) Attack!
The eye of devastation gazes at you. The bolt of energy hits you!
You die...

####### ######## ##.....## #
.......# ##.......#.... .......#
#####....>......<. ..[....#
######H....⌠.G...⌠.....
.......####.....@##............J.
....)..#....#######....⌠.⌠.......
.......'.#### ##.............
.......### #.⌠.....⌠....J
##'##### #....<....###. #...
##.?.....## ########+## #.....#
..........# ....(.....#


You could see an eye of devastation (ally target) and a friendly juvenile
firebat beast (summoned).

Vanquished Creatures
  Kirke (D:13)
  2 hydras (D:9)
  Erica (D:11)
  6 two-headed ogres
  3 tengu warriors
  Sonja (D:10)
  3 deep elf pyromancers
  2 ugly things
  3 cyclopes
  Pikel (D:5)
  3 manticores
  5 slime creatures
  2 gargoyles
  A kobold demonologist (D:10)
  2 tengu conjurers
  A komodo dragon (D:10)
  3 meliai (D:14)
  5 trolls
  4 hornets
  Grinder (D:4)
  A raiju (shapeshifter) (D:13)
  Sigmund (D:6)
  2 shadows
  2 wraiths
  5 wyverns
  5 yaks
  Eustachio (D:6)
  5 hogs (D:13)
  A basilisk (D:10)
  3 steam dragons
  Edmund (D:6)
  An acid dragon (D:9)
  3 water moccasins
  2 ice beasts
  6 orc warriors
  2 sky beasts
  A black bear (D:10)
  2 necrophages (D:5)
  A phantom (D:6)
  8 centaurs
  2 lemures (D:5)
  3 kobold brigands (D:10)
  2 bullfrogs
  11 scorpions
  A water moccasin zombie (D:5)
  6 killer bees
  9 howler monkeys
  An electric eel (D:14)
  5 centaur zombies
  A bullfrog zombie (D:7)
  3 hounds
  3 jellies
  4 orc priests
  2 human zombies (Ossuary)
  Crazy Yiuf (D:3)
  3 bullfrog skeletons
  4 scorpion zombies (Ossuary)
  Natasha (thrice) (D:2)
  7 orc wizards
  A hell rat (Sewer)
  4 mummies
  2 hound skeletons (D:4)
  2 howler monkey zombies
  Robin (D:2)
  7 gnolls (D:2)
  A howler monkey skeleton (D:7)
  7 adders
  2 river rats (Sewer)
  A shadow imp (D:8)
  3 white imps
  An ufetubus (D:4)
  5 worms
  2 dart slugs (D:1)
  40 orcs
  4 bats
  11 endoplasms
  5 giant cockroaches
  A gnoll zombie (Ossuary)
  18 goblins
  6 hobgoblins
  8 quokkas
  4 ball pythons
  3 frilled lizards
  2 goblin zombies (Ossuary)
  10 kobolds
  2 kobold zombies (Ossuary)
  10 rats
337 creatures vanquished.

Vanquished Creatures (collateral kills)
  An efreet (D:9)
1 creature vanquished.

Vanquished Creatures (others)
  A centaur zombie (D:9)
  2 orcs (D:8)
  4 fungi
  A plant (D:10)
8 creatures vanquished.

Grand Total: 346 creatures vanquished

Notes
Turn   | Place    | Note
-------+----------+-------------------------------------------
     0 | D:1      | cbfl8 the Minotaur Berserker began the quest for the Orb.
     0 | D:1      | Reached XP level 1. HP: 19/19 MP: 0/0
   179 | D:1      | Reached skill level 4 in Axes
   179 | D:1      | Reached XP level 2. HP: 17/27 MP: 1/1
   720 | D:1      | Found a faded altar of an unknown god.
   861 | D:1      | Reached XP level 3. HP: 33/33 MP: 2/2
  1426 | D:2      | Noticed Robin
  1434 | D:2      | Killed Robin
  1436 | D:2      | Reached ** piety under Trog
  1531 | D:2      | Found Viufoygeu's Antique Weapon Emporium.
  1574 | D:2      | Reached XP level 4. HP: 41/41 MP: 3/3
  1644 | D:2      | Noticed Natasha
  1650 | D:2      | Killed Natasha
  1651 | D:2      | Reached skill level 5 in Axes
  1707 | D:2      | Noticed Natasha
  1716 | D:2      | Killed Natasha
  1946 | D:2      | Noticed Natasha
  1960 | D:2      | Killed Natasha
  1961 | D:2      | Reached skill level 5 in Fighting
  1961 | D:2      | Reached XP level 5. HP: 36/48 MP: 4/4
  2654 | D:2      | Found a hide-covered altar of Uskayaw.
  2874 | D:3      | Reached XP level 6. HP: 56/56 MP: 5/5
  3148 | D:3      | Found a sacrificial altar of Ru.
  3252 | D:3      | Identified the +0 pair of gloves of Rianurae {rPois}
  3352 | D:3      | Identified the +3 mace "Wef Pig" {venom, rElec Stlth+}
  3356 | D:3      | Found a runed translucent door.
  3357 | D:3      | Noticed Crazy Yiuf
  3367 | D:3      | Killed Crazy Yiuf
  3368 | D:3      | Reached skill level 6 in Axes
  3603 | D:3      | Identified the +1 mace of Dismay {vorpal, rPois}
  3904 | D:4      | Reached *** piety under Trog
  4038 | D:4      | Found a basalt altar of Yredelemnul.
  4101 | D:4      | Found a blossoming altar of Fedhas.
  4105 | D:4      | You fall into a shaft and drop 2 floors!
  4114 | D:6      | Noticed a sky beast
  4121 | D:6      | Killed a sky beast
  4144 | D:6      | Reached skill level 1 in Evocations
  4144 | D:6      | Reached XP level 7. HP: 54/62 MP: 6/6
  4148 | D:6      | Found a glowing drain.
  4165 | Sewer    | Entered a sewer
  4310 | Sewer    | Reached skill level 1 in Maces & Flails
  4456 | D:5      | Entered Level 5 of the Dungeon
  4471 | D:5      | Found a staircase to the Ecumenical Temple.
  4576 | D:5      | Found a bloodstained altar of Trog.
  4629 | D:5      | Reached skill level 7 in Axes
  4644 | D:5      | Reached skill level 5 in Armour
  4651 | D:5      | Found a sand-covered staircase.
  4660 | Ossuary  | Entered an ossuary
  4795 | Ossuary  | Reached XP level 8. HP: 66/70 MP: 7/7
  4810 | Ossuary  | Reached **** piety under Trog
  5049 | Ossuary  | Reached skill level 5 in Maces & Flails
  5495 | D:5      | Noticed Pikel
  5504 | D:5      | Killed Pikel
  5505 | D:5      | Reached skill level 8 in Axes
  5505 | D:5      | Reached XP level 9. HP: 77/79 MP: 8/8
  5708 | D:5      | Found a broken altar of Ashenzari.
  5712 | D:5      | Saw a vision of the Shoals and the Spider Nest.
  5712 | D:5      | Noticed a merfolk siren
  5712 | D:5      | Noticed a merfolk
  5712 | D:5      | Noticed a merfolk
  5712 | D:5      | Noticed a wolf spider
  5712 | D:5      | Noticed a merfolk
  5732 | D:5      | Reached skill level 5 in Dodging
  6284 | D:4      | Noticed Grinder
  6284 | D:4      | Paralysed by Grinder for 5 turns
  6296 | D:4      | Paralysed by Grinder for 3 turns
  6306 | D:4      | Killed Grinder
  6550 | D:6      | Noticed Sigmund
  6557 | D:6      | Killed Sigmund
  6560 | D:6      | Reached ***** piety under Trog
  6717 | D:6      | Found a hide-covered altar of Uskayaw.
  6745 | D:6      | Noticed Edmund
  6746 | D:6      | Noticed Eustachio
  6754 | D:6      | Killed Edmund
  6757 | D:6      | Killed Eustachio
  7216 | D:7      | Reached skill level 9 in Axes
  7216 | D:7      | Reached XP level 10. HP: 90/90 MP: 9/9
  7667 | D:8      | Reached skill level 10 in Axes
  8024 | D:8      | Found an iron altar of Okawaru.
  8617 | D:9      | Noticed a two-headed ogre
  9050 | D:9      | Reached skill level 11 in Axes
  9165 | D:9      | Reached skill level 1 in Shields
  9224 | D:9      | Noticed a six-headed hydra
  9232 | D:9      | Killed a seven-headed hydra
  9621 | D:9      | Noticed a manticore
  9630 | D:9      | Noticed a cyclops
  9639 | D:9      | Killed a cyclops
  9640 | D:9      | Reached skill level 5 in Evocations
  9640 | D:9      | Reached XP level 11. HP: 69/97 MP: 10/10
  9641 | D:9      | Noticed a deep elf pyromancer
  9648 | D:9      | Killed a deep elf pyromancer
 10021 | D:9      | Found a hazy altar of Hepliaklqana.
 10029 | D:9      | Noticed a tengu warrior
 10044 | D:9      | Killed a tengu warrior
 10055 | D:9      | Reached skill level 12 in Axes
 10234 | D:9      | Noticed a seven-headed hydra
 10237 | D:9      | Killed a two-headed ogre
 10238 | D:9      | Reached skill level 10 in Fighting
 10244 | D:9      | Killed an 11-headed hydra
 11050 | D:10     | Entered Level 10 of the Dungeon
 11069 | D:10     | Noticed a two-headed ogre
 11078 | D:10     | Killed a two-headed ogre
 11504 | D:10     | Noticed Sonja
 11741 | D:10     | Found a shadowy altar of Dithmenos.
 11775 | D:10     | Killed Sonja
 12071 | D:10     | Found a staircase to the Lair.
 12144 | D:10     | Noticed a two-headed ogre
 12154 | D:10     | Killed a two-headed ogre
 12498 | D:10     | Reached skill level 13 in Axes
 12918 | D:10     | Found an ornate altar of the Wu Jian Council.
 12968 | D:11     | Noticed a two-headed ogre
 12977 | D:11     | Killed a two-headed ogre
 12978 | D:11     | Reached XP level 12. HP: 108/108 MP: 11/11
 13279 | D:11     | Noticed Erica
 13291 | D:11     | Killed Erica
 13745 | D:11     | Found a staircase to the Orcish Mines.
 14086 | D:11     | Found Yzofaam's Firing Range.
 14267 | D:12     | Noticed a two-headed ogre
 14274 | D:12     | Killed a two-headed ogre
 14745 | D:12     | Reached skill level 14 in Axes
 15223 | D:12     | Found Atein's Magic Scroll Shop.
 15267 | D:12     | Bought a scroll of blinking for 90 gold pieces
 15267 | D:12     | Bought a scroll of identify for 24 gold pieces
 15686 | D:13     | Noticed a rakshasa
 15692 | D:13     | Noticed a two-headed ogre
 16224 | D:13     | Noticed a tengu warrior
 16234 | D:13     | Killed a tengu warrior
 16291 | D:13     | Found Pawitz's One-of-a-Kind Rings.
 16311 | D:13     | Noticed Kirke
 16314 | D:13     | Reached skill level 15 in Axes
 16328 | D:13     | Killed Kirke
 16345 | D:13     | Noticed a tengu warrior
 16355 | D:13     | Killed a tengu warrior
 16356 | D:13     | Reached XP level 13. HP: 46/118 MP: 12/12
 16667 | D:13     | Identified the +1 plate armour of the Blessed Realm
                  | {Rampage Fly}
 16711 | D:13     | Identified the +6 long sword of the Tooth {flame, rElec rC-
                  | rN++ SInv}
 16917 | D:13     | HP: 5/118 [disintegration (38)]
 16918 | D:13     | Blown up by an eye of devastation (shapeshifter)

Illustrated notes

Levels and vault maps discovered:
D:1:      psy_arrival_radial02, layout_loops_ring,
          hellmonk_ecumenical_altar_defaced_shrine, hangedman_decor_points
D:2:      layout_basic, basic_altar, serial_shops, nicolae_lakefront_shop,
          uniq_natasha, uniq_robin
D:3:      layout_loops_ring, mainiacjoe_overflow_alcove_2,
          uniq_crazy_yiuf_cottage
D:4:      layout_basic, mainiacjoe_overflow_tiny_flanked,
          mainiacjoe_overflow_alcove_1, st_stairs_3, minmay_misc_feat_enclosed,
          hangedman_decor_peaks_small, uniq_grinder
D:5:      layout_loops_corners, grunt_ashenzari_visionary
          [grunt_ashenzari_visionary_shoals, grunt_ashenzari_visionary_spider],
          mainiacjoe_overflow_six_doors_small,
          minmay_temple_entry_drinking_statues, gup_ossuary_entry_pyramid,
          uniq_pikel
D:6:      nicolae_BIG_FREAKIN_CUBE, layout_cave_pools,
          nicolae_uskayaw_murder_on_the_dancefloor, portal_sewer_entry_f,
          uniq_edmund, uniq_eustachio, uniq_sigmund
D:7:      layout_rooms, lemuel_old_faithful
D:8:      layout_rooms, okawaru_metal_pillars_3, minivault_10
D:9:      hangedman_cross_cluster, layout_basic
D:10:     layout_loops_ring, nzn_wu_jian_contemplation,
          nicolae_dithmenos_the_darkroom, david_lair_generic, uniq_sonja
D:11:     layout_roguey, david_orc_5, nicolae_shop_firing_range, uniq_erica
D:12:     layout_roguey, nicolae_inconvenience_store
D:13:     layout_roguey, hellmonk_bongcloud_opening, nicolae_shop_unique_rings,
          grunt_ministairs_10, st_stairs_2, uniq_kirke
D:14:     layout_loops_cross, erik_vaults_1, gammafunk_ghost_abyssal_escape,
          infiniplex_staircase_pool, lemuel_nasty_fountain

Skill      XL: |  1  2  3  4  5  6  7  8  9 10 11 12 |
---------------+-------------------------------------+-----
Axes           | 4 5 6 7 8 9 11 13 15 | 15.6
Fighting       | 4 5 6 7 8 9 10 12 | 12.2
Armour         | 3 4 5 6 7 9 |  9.8
Dodging        | 3 4 5 6 8 9 |  9.1
Evocations     | 1 2 3 4 5 6 |  6.9
Maces & Flails | 3 6 8 |  8.0
Shields        | 1 3 4 |  4.5
Stealth        | |  0.8
Unarmed Combat | |  0.3

Action                   |  1- 3 |  4- 6 |  7- 9 | 10-12 | 13-15 || total
-------------------------+-------+-------+-------+-------+-------++-------
Melee: Hand axe          |    61 |    88 |       |       |       ||   149
       Headbutt          |     8 |    21 |    62 |    96 |     4 ||   191
       Punch             |     2 |     3 |     7 |     1 |       ||    13
       Unarmed           |       |    16 |       |       |       ||    16
       Mace              |       |    37 |   231 |       |       ||   268
       War axe           |       |       |    47 |   311 |       ||   358
       Battleaxe         |       |       |       |   113 |    17 ||   130
Invok: Berserk           |     1 |     3 |     2 |    14 |     1 ||    21
       Trog's Hand       |       |     1 |       |     2 |       ||     3
       Brothers in Arms  |       |       |       |     1 |       ||     1
Evoke: Wand              |       |       |       |     9 |       ||     9
       Box of beasts     |       |       |       |       |     1 ||     1
  Use: Scroll            |     1 |     3 |       |    20 |       ||    24
       Potion            |     1 |       |       |     4 |       ||     5
 Stab: Confused          |       |       |       |     1 |       ||     1
Armor: Scale mail        |    15 |       |       |       |       ||    15
       Animal skin       |     1 |       |       |       |       ||     1
       Chain mail        |    11 |    94 |   197 |   144 |       ||   446
       Skin              |       |     3 |       |       |       ||     3
       Plate armour      |       |       |       |    69 |     2 ||    71
Dodge: Dodged            |    27 |    61 |   139 |   334 |     5 ||   566
Block: Kite shield       |       |       |       |   145 |       ||   145
